 Dungeon Sprint DCSS version 0.21-a0-286-g6fcecc0 (webtiles) character file.

2641 potatolord6000 the Thaumaturge (level 9, -5/45 HPs)
             Began as a Deep Elf Conjurer on Sept 27, 2017.
             Was a High Priest of Sif Muna.
             Killed from afar by an orc sorcerer (23 damage)
             ... with a bolt of negative energy
             ... in the Dungeon (Sprint VII: "The Pits").
             The game lasted 00:17:18 (2031 turns).

potatolord6000 the Thaumaturge (Deep Elf Conjurer)  Turns: 2031, Time: 00:17:21

Health: -5/45      AC:  4    Str: 11    XL:     9   Next: 35%
Magic:  20/27      EV: 20    Int: 24    God:    Sif Muna [*****.]
Gold:   0          SH:  0    Dex: 15    Spells: 16/33 levels left

rFire    . . .     SeeInvis .   p - staff of energy
rCold    . . .     Gourm    .   (no shield)
rNeg     . . .     Faith    .   a - +0 robe
rPois    .         Spirit   .   r - +0 helmet
rElec    .         Reflect  .   s - +0 cloak
rCorr    .         Harm     .   (no gloves)
MR       .....     NoTele   +   (no boots)
Stlth    ++........             (no amulet)
HPRegen  0.15/turn              f - +3 ring of strength
MPRegen  0.20/turn              i - +3 ring of strength

@: drained
A: no striking features
a: Divine Energy, Channel Magic, Forget Spell, Renounce Religion


You were in the Dungeon.
You worshipped Sif Muna.
Sif Muna was extremely pleased with you.
You were full.

You visited 1 branch

Inventory:

Armour
 a - a +0 robe (worn)
 r - a +0 helmet (worn)
 s - a +0 cloak (worn)
Magical Staves
 p - an uncursed staff of energy (weapon)
Jewellery
 f - a +3 ring of strength (left hand)
 i - a +3 ring of strength (right hand)
Scrolls
 k - 3 scrolls of remove curse
 l - 4 scrolls of amnesia
 m - a scroll of summoning
Potions
 d - 5 potions of curing
 e - 5 potions of heal wounds
 h - 2 potions of berserk rage
 j - 2 potions of agility
 q - a potion of might
Books
 b - a book of Conjurations

   Spells                             Type                      Level
   a - Magic Dart                     Conjuration                  1
   b - Searing Ray                    Conjuration                  2
   c - Dazzling Spray                 Conjuration/Hexes            3
   d - Fulminant Prism                Conjuration/Hexes            4
   e - Force Lance                    Conjuration/Translocation    4
   f - Iskenderun's Mystic Blast      Conjuration                  4
 t - a book of Transfigurations

   Spells                             Type                      Level
   a - Irradiate                      Conjuration/Transmutation    5
   b - Statue Form                    Transmutation/Earth          6
   c - Hydra Form                     Transmutation                6
   d - Dragon Form                    Transmutation                7
Comestibles
 c - 8 bread rations
 n - 40 fruits
 o - 5 meat rations


   Skills:
 - Level 8.3(7.7) Staves
 + Level 11.9(11.2) Dodging
 - Level 2.4(1.8) Stealth
 + Level 12.9(12.2) Spellcasting
 + Level 11.5(10.8) Conjurations
 + Level 4.8(4.2) Transmutations
 + Level 10.2(9.6) Evocations


You had 16 spell levels left.
You knew the following spells:

 Your Spells              Type           Power        Failure   Level  Hunger
a - Dragon Form           Tmut           #####.....   99%         7    None
b - Searing Ray           Conj           ######       1%          2    None
c - Force Lance           Conj/Tloc      #####...     4%          4    None
d - Iskenderun's Mystic   Conj           ######..     1%          4    None


Dungeon Overview and Level Annotations

Branches:
Dungeon (1/1)

Altars:
Ashenzari
Cheibriados
Dithmenos
Elyvilon
Fedhas
Gozag
Hepliaklqana
Kikubaaqudgha
Makhleb
Nemelex Xobeh
Okawaru
Qazlal
Ru
Sif Muna
Trog
Uskayaw
Vehumet
Wu Jian
Xom
Yredelemnul
Zin
The Shining One
Beogh
Jiyva
Lugonu


Message History

The searing ray hits the neqoxec.
The neqoxec is almost dead.
You finish channeling your searing ray.
The orc sorcerer misses you. Magic courses through your body.
The orc sorcerer completely misses you.
Casting: Searing Ray
Confirm with . or Enter, or press ? or * to list all spells.
Aiming: Searing Ray
Press: ? - help, Shift-Dir - straight line, f/p - orc sorcerer
Aim: an orc sorcerer, wielding a dagger and wearing an embroidered robe (severely wounded)
The searing ray hits the orc sorcerer.
The orc sorcerer is almost dead. (Press . to maintain the ray.)
The orc sorcerer mumbles some strange words.
The searing ray hits the orc sorcerer.
The orc sorcerer is almost dead.
The neqoxec gestures.
The orc sorcerer points at you and mumbles some strange words.
The bolt of negative energy hits you!
You feel drained.
Ouch! That really hurt!
You die...

))#####'#####''######
))##..(....##''#
))##.......##..#
[[##.......##..# #
'###...<...##..# .##
..##.......##..# ...#
..##.......##..## .5...
####.......##...##C.....
.. ##########...@o35....
.############...##53....
)#....#..[.##..## .5...
÷#....#!..[##..# ...#
.'...†'..))##..# .##
'#...†#..))##..# #
.#....#..))##..#
################


You could see a sun demon, a cyclops, a neqoxec, an orc sorcerer, an iron imp, a
quasit, a crimson imp and an ufetubus.

Vanquished Creatures
  Josephine (D)
  A demonic crawler (D)
  5 wraiths (D)
  A steam dragon (D)
  A hungry ghost (D)
  A neqoxec (D)
  An acid dragon (D)
  A water moccasin (D)
  An ice beast (D)
  A black bear (D)
  A big kobold (D)
  2 worker ants (D)
  A gnoll (D)
  A river rat (D)
  An adder (D)
  A white imp (D)
  2 ufetubi (D)
  An ooze (D)
  2 adder skeletons (D)
  5 orcs (D)
  2 ball pythons (D)
  2 goblins (D)
  A bat (D)
  A frilled lizard (D)
  A leopard gecko skeleton (D)
38 creatures vanquished.

Notes
Turn   | Place    | Note
-------+----------+-------------------------------------------
     0 | D        | potatolord6000 the Deep Elf Conjurer began the quest for the Orb.
     0 | D        | Reached XP level 1. HP: 10/10 MP: 6/6
    11 | D        | Noticed a worker ant
    24 | D        | Killed a worker ant
    24 | D        | Reached skill level 5 in Spellcasting
    24 | D        | Reached skill level 5 in Conjurations
    24 | D        | Reached XP level 2. HP: 15/15 MP: 6/10
    58 | D        | Found a bloodstained altar of Trog.
    58 | D        | Found a deep blue altar of Sif Muna.
    58 | D        | Found a viscous altar of Jiyva.
    58 | D        | Found a hazy altar of Hepliaklqana.
    58 | D        | Found an opulent altar of Gozag.
    59 | D        | Found a glowing golden altar of the Shining One.
    59 | D        | Found a glowing silver altar of Zin.
    59 | D        | Found a basalt altar of Yredelemnul.
    59 | D        | Found a shimmering altar of Xom.
    59 | D        | Found an ornate altar of the Wu Jian Council.
    59 | D        | Found a sacrificial altar of Ru.
    59 | D        | Found a stormy altar of Qazlal.
    59 | D        | Found an iron altar of Okawaru.
    59 | D        | Found a sparkling altar of Nemelex Xobeh.
    59 | D        | Found a burning altar of Makhleb.
    59 | D        | Found a blossoming altar of Fedhas.
    59 | D        | Found a white marble altar of Elyvilon.
    59 | D        | Found a shadowy altar of Dithmenos.
    59 | D        | Found a snail-covered altar of Cheibriados.
    62 | D        | Found a corrupted altar of Lugonu.
    62 | D        | Found a radiant altar of Vehumet.
    62 | D        | Found a roughly hewn altar of Beogh.
    64 | D        | Found a shattered altar of Ashenzari.
    64 | D        | Found an ancient bone altar of Kikubaaqudgha.
    64 | D        | Found a hide-covered altar of Uskayaw.
    66 | D        | Became a worshipper of Sif Muna the Loreminder
    80 | D        | Learned a level 2 spell: Searing Ray
   141 | D        | Reached skill level 1 in Staves
   141 | D        | Reached XP level 3. HP: 19/19 MP: 8/11
   143 | D        | Reached skill level 1 in Evocations
   200 | D        | Reached * piety under Sif Muna
   202 | D        | Reached skill level 5 in Dodging
   491 | D        | Noticed a water moccasin
   501 | D        | Killed a water moccasin
   501 | D        | Reached ** piety under Sif Muna
   501 | D        | Reached skill level 7 in Spellcasting
   501 | D        | Reached XP level 4. HP: 11/24 MP: 9/15
   501 | D        | Reached XP level 5. HP: 13/28 MP: 9/16
   829 | D        | Learned a level 4 spell: Force Lance
   834 | D        | Learned a level 4 spell: Iskenderun's Mystic Blast
   837 | D        | Noticed a hungry ghost
   853 | D        | Killed a hungry ghost
   853 | D        | Reached skill level 8 in Spellcasting
   853 | D        | Reached skill level 5 in Evocations
   853 | D        | Reached XP level 6. HP: 26/32 MP: 0/19
   870 | D        | Reached skill level 5 in Staves
  1079 | D        | Reached *** piety under Sif Muna
  1191 | D        | Noticed a demonic crawler
  1211 | D        | HP: 1/32 [demonic crawler (7)]
  1212 | D        | Killed a demonic crawler
  1212 | D        | Reached skill level 9 in Spellcasting
  1212 | D        | Reached XP level 7. HP: 1/36 MP: 4/22
  1512 | D        | Reached **** piety under Sif Muna
  1512 | D        | Reached skill level 10 in Spellcasting
  1675 | D        | Noticed a steam dragon
  1682 | D        | Killed a steam dragon
  1825 | D        | Noticed a wraith
  1826 | D        | Noticed a wraith
  1829 | D        | Noticed a wraith
  1829 | D        | Killed a wraith
  1829 | D        | Reached skill level 10 in Dodging
  1829 | D        | Reached XP level 8. HP: 41/41 MP: 11/24
  1838 | D        | Reached skill level 11 in Spellcasting
  1838 | D        | Reached skill level 10 in Conjurations
  1858 | D        | Reached ***** piety under Sif Muna
  1858 | D        | Received a gift from Sif Muna
  1876 | D        | Learned a level 7 spell: Dragon Form
  1880 | D        | Reached skill level 1 in Transmutations
  1882 | D        | Noticed Josephine
  1890 | D        | Killed Josephine
  1890 | D        | Reached skill level 12 in Spellcasting
  1890 | D        | Reached skill level 10 in Evocations
  1890 | D        | Reached XP level 9. HP: 41/45 MP: 5/27
  2018 | D        | Noticed an orc sorcerer
  2018 | D        | Noticed a cyclops
  2031 | D        | Noticed a sun demon
  2031 | D        | Killed from afar by an orc sorcerer

Vault maps used:
D:        pitsprint

Skill      XL: |  1  2  3  4  5  6  7  8 |
---------------+-------------------------+-----
Dodging        | 4 6 7 9 10 11 | 11.9
Spellcasting   | 5 7 8 9 10 12 | 12.9
Conjurations   | 5 7 9 11 | 11.5
Staves         | 1 3 4 6 7 8 |  8.3
Evocations     | 4 5 6 8 10 | 10.2
Transmutations | 4 |  4.8
Stealth        | |  2.4

Action                   |  1- 3 |  4- 6 |  7- 9 || total
-------------------------+-------+-------+-------++-------
Melee: Unarmed           |     8 |       |       ||     8
       Staff             |     4 |     7 |    15 ||    26
 Cast: Magic Dart        |     7 |    12 |     4 ||    23
       Searing Ray       |     4 |     4 |     7 ||    15
       Force Lance       |       |    10 |    11 ||    21
       Iskenderun's Myst |       |     1 |     9 ||    10
Evoke: Staff of energy   |       |     6 |     1 ||     7
  Use: Potion            |     1 |     9 |    10 ||    20
       Scroll            |       |     1 |     1 ||     2
  Eat: Meat ration       |       |     2 |       ||     2
Armor: Robe              |     4 |       |     6 ||    10
Dodge: Dodged            |    38 |    33 |    65 ||   136

Table legend:
 A = Spawn XP
 B = Non-spawn XP
 C = Spawn XP percentage of total XP
 D = Spawn monster count
 E = Non-spawn monster count
 F = Spawn count percentage of total count
 G = Total turns spent on level
                    A         B        C        D         E        F      G
               +---------+---------+-------+---------+---------+-------+---------
         Total |       0 |    3773 |   0.0 |       0 |      38 |   0.0 |  2031
               +---------+---------+-------+---------+---------+-------+---------
             D |       0 |    3773 |   0.0 |       0 |      38 |   0.0 |  2031
               +---------+---------+-------+---------+---------+-------+---------
